AoeStats
← MeowMe

Arena

508194902Analyzed
4v4 RM · 11d ago on Sep 21, 2026· 14m 34s· 8 players
Game mode
Random Map
Map size
Large (8 player)
Population
200
Speed
Normal
Resources
Standard
Victory
Conquest
Starting age
Dark Age
Ending age
Imperial Age
RankedLock teamsTeams togetherTeam positionsShared explorationLock speedFull tech treeHidden civsTurbo modeCheats
Victory
Defeat
🇧🇾 Koreans · Belarus
1518
+12
🇬🇪 Slavs · Georgia
1451
+15
🇹🇼 Persians · Taiwan
1395
+17
🇨🇳 Burgundians · China
1377
+18
1473
-17
🇩🇰 Byzantines · Denmark
1435
-16
🇦🇺 Spanish · Australia
1419
-15
🇪🇸 Vikings · Spain
1393
-14
Yucatan_water_supremacy
5:34 Loom
8:22 Feudal Age
11:44 Fletching
VaultBoy
11:09 Feudal Age
14:57 Castle Age
13:14 Double-Bit Axe
13:24 Horse Collar
Lord Longshaft
11:29 Feudal Age
12:05 Double-Bit Axe
12:09 Horse Collar
13:11 Loom
15:59 Castle Age
EpicSprout
13:41 Feudal Age
Hwai
11:24 Feudal Age
15:06 Castle Age
13:29 Double-Bit Axe
13:30 Horse Collar
15:34 Wheelbarrow
勇敢牛牛
3:12 Double-Bit Axe
7:05 Loom
9:19 Feudal Age
10:09 Bow Saw
15:33 Wheelbarrow
OLADUSHEK
0:57 Loom
5:39 Loom
6:18 Loom
8:24 Feudal Age
9:04 Double-Bit Axe
11:19 Fletching
MeowMe
11:57 Feudal Age
13:16 Horse Collar
16:03 Castle Age
Connection lost

Rejoining the realm…

Still unreachable

The connection could not be restored.

Session expired

The server has moved on; the page needs a fresh start.